 Dungeon Crawl Stone Soup version 0.15-a0-155-g2613b33 (webtiles) character file.

219 Mirroar the Chucker (level 4, 0/22 HPs)
             Began as a Spriggan Wanderer on Apr 16, 2014.
             Slain by Grinder (8 damage)
             ... on Level 3 of the Dungeon.
             The game lasted 00:26:03 (2527 turns).

Mirroar the Chucker (Spriggan Wanderer)             Turns: 2527, Time: 00:26:03

HP   0/22        AC  3     Str  8      XL: 4   Next: 54%
MP  11/11        EV 18     Int 13      God:
Gold 114         SH  0     Dex 16      Spells:  1 memorised,  5 levels left

rFire  . . .     SeeInvis +     g - +0 dagger (venom)
rCold  . . .     Clarity  .     j - +0 robe
rNeg   . . .     Conserve .     (shield restricted)
rPois  .         rCorr    .     (helmet restricted)
rElec  .         rRot     .     r - +0 cloak
SustAb . .       Spirit   .     (gloves unavailable)
rMut   .         Warding  .     (boots unavailable)
Saprov . . .     Stasis   .     (no amulet)
MR     .....                    x - ring of wizardry
                                b - cursed ring of hunger {unknown}

@: very quick, not resistant to hostile enchantments, fairly stealthy
A: unfitting armour, see invisible, herbivore 3, speed 3, slow metabolism 2
a: no special abilities


You were on level 3 of the Dungeon.
You were not hungry.

You visited 1 branch of the dungeon, and saw 3 of its levels.

You collected 114 gold pieces.

Inventory:

Hand weapons
 a - a +3,+1 spear
 g - a +0,+0 dagger of venom (weapon)
Missiles
 d - 6 darts (quivered)
 i - 20 stones
 q - 4 curare-tipped needles
Armour
 j - a +0 robe (worn)
 r - a +0 cloak (worn)
Comestibles
 h - a bread ration
 o - a banana
 p - an apple
 w - 8 strawberries
Scrolls
 f - a scroll of teleportation
 m - a scroll of enchant weapon I
 s - a scroll of recharging {unknown}
 t - a scroll of identify
 u - a scroll of remove curse {unknown}
 v - a scroll of immolation {unknown}
Jewellery
 b - a cursed ring of hunger (left hand) {unknown}
 x - a ring of wizardry (right hand)
Potions
 c - a potion of porridge
 e - a potion of curing {unknown}
 k - a potion of heal wounds {unknown}


   Skills:
 - Level 1.1 Fighting
 + Level 1.5 Short Blades
 * Level 3.2 Throwing
 - Level 3.1 Dodging
 + Level 1.6 Stealth
 - Level 1.7 Spellcasting
   Level 1.0 Summonings
 - Level 3.0 Necromancy
   Level 1.0 Invocations
   Level 1.3 Evocations


You had 5 spell levels left.
You knew the following spells:

 Your Spells              Type           Power        Failure   Level  Hunger
a - Pain                  Necr           #...         4%          1    ##.....


Dungeon Overview and Level Annotations

Branches:
Dungeon (3/15)

Altars:

Annotations:
D:3 Grinder


Innate Abilities, Weirdness & Mutations

You are tiny and cannot use many weapons and most armour.
You have supernaturally acute eyesight.
You are a herbivore.
You cover ground extremely quickly.
You need consume almost no food.


Message History

You throw a dart of frost. The dart of frost hits Grinder.
Grinder completely resists.
Grinder is lightly wounded.
Grinder misses you.
Throwing (i - inventory. (,) - cycle):
d - 7 darts (quivered)
Press: ? - help, Shift-Dir - straight line, f/p - Grinder
Aim: Grinder (lightly wounded)
You throw a dart. The dart hits Grinder.
Grinder is moderately wounded.
Grinder gestures at you. Pain shoots through your body!
You barely miss Grinder.
Grinder is moderately wounded.
You hit Grinder.
Grinder is moderately wounded.
Grinder hits you.
You writhe in agony.
You hit Grinder.
Grinder is moderately wounded.
Grinder hits you!
You die...

###############
#@5)(.((.((..5.
#...######...o.
#...# ( ######...#
.........#
)........######..
..................
#######...........
#..######...


You could see Grinder.

Vanquished Creatures
  4 adders
  A worm (D:2)
  A giant gecko (D:3)
  2 oozes (D:2)
  An orc (D:3)
  3 goblins
  12 hobgoblins
  7 jackals
  4 bats
  5 giant cockroaches
  3 giant newts
  8 kobolds
  7 rats
58 creatures vanquished.

Notes
Turn   | Place    | Note
--------------------------------------------------------------
     0 | D:1      | Mirroar, the Spriggan Wanderer, began the quest for the Orb.
     0 | D:1      | Reached XP level 1. HP: 10/10 MP: 4/4
   480 | D:1      | Reached XP level 2. HP: 8/14 MP: 3/6
   723 | D:1      | Reached skill level 1 in Throwing
   974 | D:1      | Reached XP level 3. HP: 16/18 MP: 6/9
  1707 | D:2      | Reached skill level 1 in Short Blades
  1707 | D:2      | Reached XP level 4. HP: 9/22 MP: 11/11
  2068 | D:2      | Reached skill level 1 in Stealth
  2508 | D:3      | Noticed Grinder
  2516 | D:3      | Paralysed by Grinder for 6 turns
  2527 | D:3      | Slain by Grinder

Action                   |  1- 3 |  4- 6 || total
-------------------------+-------+-------++-------
Melee: Spear             |    30 |       ||    30
       Dagger            |    28 |    27 ||    55
Throw: Dart              |    89 |    74 ||   163
 Cast: Pain              |    20 |       ||    20
  Use: Scroll            |       |     4 ||     4
